 Dungeon Crawl Stone Soup version 0.31.0 (webtiles) character file.

Game seed: 15404238421853566180

6 PaiMei the Grave Robber (level 1, -2/13 HPs)
             Began as a Demonspawn Necromancer on Jan 19, 2024.
             Slain by a hobgoblin (5 damage)
             ... on level 1 of the Dungeon.
             The game lasted 00:00:25 (220 turns).

PaiMei the Grave Robber (Demonspawn Necromancer)     Turns: 220, Time: 00:00:25

Health: -2/13      AC:  2    Str:  8    XL:     1   Next: 75%
Magic:  0/3        EV: 12    Int: 15    God:
Gold:   13         SH:  0    Dex: 13    Spells: 3/4 levels left

rFire   . . .        c - +0 club
rCold   . . .        (no shield)
rNeg    . . .        a - +0 robe
rPois   .            (no helmet)
rElec   .            (no cloak)
rCorr   .            (no gloves)
SInv    .            (no boots)
Will    .....        (no amulet)
Stlth   ++           (no ring)
HPRegen 0.22/turn    (no ring)
MPRegen 0.08/turn

%: no passive effects
@: no status effects
A: no striking features
a: no special abilities


You were on level 1 of the Dungeon.
You visited 1 branch of the dungeon, and saw 1 of its levels.

You collected 13 gold pieces.

Inventory:

Hand Weapons
 c - a +0 club (weapon)
Missiles
 d - 4 darts of dispersal (quivered)
Armour
 a - a +0 robe (worn)
Potions
 b - a potion of magic
 e - a potion of degeneration {unknown}


   Skills:
 + Level 1.9 Dodging
 + Level 1.9 Stealth
 + Level 2.1 Spellcasting
 + Level 4.5 Necromancy


You had 3 spell levels left.
You knew the following spells:

 Your Spells              Type           Power      Damage    Failure   Level
a - Necrotise             Necr           60%        1d7       3%          1

Your spell library contained the following spells:

 Spells                   Type           Power      Damage    Failure   Level
 Vampiric Draining        Necr           15%        2d7       11%         3
 Animate Dead             Necr           15%        N/A       34%         4
 Curse of Agony           Necr           15%        N/A       67%         5


Dungeon Overview and Level Annotations

Branches:
Dungeon (1/15)

Altars:


Message History

Confirm with . or Enter, or press ? or * to list all spells.
Aiming: Necrotise (safe; 3% risk of failure)
Press: ? - help, Shift-Dir - straight line, f - quokka
Aim: a quokka (asleep, chance to affect: 85%)
The quokka barely resists.
The quokka bites you. x2
Casting: Necrotise (safe; 3% risk of failure)
Confirm with . or Enter, or press ? or * to list all spells.
Aiming: Necrotise (safe; 3% risk of failure)
Press: ? - help, Shift-Dir - straight line, f/p - quokka
Aim: a quokka (chance to affect: 85%)
The quokka barely resists.
The quokka bites you.
Casting: Necrotise (safe; 3% risk of failure)
Confirm with . or Enter, or press ? or * to list all spells.
Aiming: Necrotise (safe; 3% risk of failure)
Press: ? - help, Shift-Dir - straight line, f/p - quokka
Aim: a quokka (chance to affect: 85%)
The quokka writhes in agony.
The endoplasm quivers.
The quokka closely misses you.
Casting: Necrotise (safe; 3% risk of failure)
Confirm with . or Enter, or press ? or * to list all spells.
You don't have enough magic to cast this spell.
Casting: Necrotise (safe; 3% risk of failure)
Confirm with . or Enter, or press ? or * to list all spells.
You don't have enough magic to cast this spell.
You hit the quokka.
The quokka is severely wounded.
The quokka closely misses you. The endoplasm closely misses you.
The quokka bites you. The quokka completely misses you.
A goblin comes into view. It is wielding a +0 dagger.
The quokka bites you.
You hit the quokka.
You kill the quokka!
You hit the hobgoblin but do no damage. The hobgoblin barely misses you.
You barely miss the hobgoblin. The hobgoblin hits you.
* * * LOW HITPOINT WARNING * * *
The hobgoblin closely misses you.
You closely miss the hobgoblin. The hobgoblin hits you.
You die...

....#..#........
..!#..#.....#^#
.............#.# ..
#........#.##
#.#.#...........#
........#.####..#####
...###JJ#...........#
#g##.#.#######.#
#@##.#.# #.###
#..##.#.# #....
...###.#.# #####
#.... #.#.# #....
..#.# #..#.. .....
...##g# #.# #.# #.
#.#


You could see 2 endoplasms, a hobgoblin and a goblin (asleep).

Vanquished Creatures
  A dart slug (D:1)
  2 quokkas (D:1)
  A kobold (D:1)
4 creatures vanquished.

Notes
Turn   | Place    | Note
-------+----------+-------------------------------------------
     0 | D:1      | PaiMei the Demonspawn Necromancer began the quest for the
                  | Orb.
     0 | D:1      | Reached XP level 1. HP: 13/13 MP: 3/3
   220 | D:1      | Slain by a hobgoblin

Illustrated notes

Levels and vault maps discovered:
D:1:      ncdulo_lavacross, layout_basic, hangedman_decor_opposing,
          minmay_bisected

Action                     || total
---------------------------++-------
  Melee: Club              ||     7
   Cast: Necrotise         ||    11
 Armour: Robe              ||    10
  Dodge: Dodged            ||     8
